 Dungeon Crawl Stone Soup version 0.24-a0-458-gfcb5e6d (webtiles) character file.

Game seed: 2093602285538160460

77 torgal the Vexing (level 4, 0/32 HPs)
             Began as a Human Arcane Marksman on June 27, 2019.
             Succumbed to an adder's poison
             ... on level 2 of the Dungeon.
             The game lasted 00:08:20 (1874 turns).

torgal the Vexing (Human Arcane Marksman)           Turns: 1874, Time: 00:08:21

Health: 0/32       AC:  3    Str: 10    XL:     4   Next: 60%
Magic:  5/6        EV: 12    Int: 14    God:
Gold:   67         SH:  0    Dex: 14    Spells: 5/6 levels left

rFire    . . .     SeeInvis .   l - +0 short sword
rCold    . . .     Gourm    .   (no shield)
rNeg     . . .     Faith    .   e - +0 robe
rPois    .         Spirit   .   (no helmet)
rElec    .         Reflect  .   (no cloak)
rCorr    .         Harm     .   c - +0 pair of gloves
MR       .....                  (no boots)
Stlth    +.........             (no amulet)
HPRegen  0.10/turn              (no ring)
MPRegen  0.10/turn              (no ring)

@: lethally poisoned (0 -> -7)
A: no striking features
a: no special abilities


You were on level 2 of the Dungeon.
You were not hungry.

You visited 1 branch of the dungeon, and saw 2 of its levels.

You collected 67 gold pieces.

Inventory:

Hand Weapons
 a - a +0 hunting sling
 b - a +0 dagger
 l - a +0 short sword (weapon)
Missiles
 d - 28 sling bullets
 h - 32 stones (quivered)
 o - 7 atropa-tipped darts
Armour
 c - a +0 pair of gloves (worn)
 e - a +0 robe (worn)
Scrolls
 g - 2 scrolls of identify {unknown}
 k - a scroll of magic mapping {unknown}
Potions
 i - a potion of curing {unknown}
 j - a potion of magic {unknown}
 m - 2 potions of ambrosia {unknown}
 n - a potion of brilliance {unknown}
 p - a potion of haste {unknown}
Comestibles
 f - 4 rations


   Skills:
 + Level 1.3 Fighting
 + Level 3.0 Slings
 - Level 2.2 Dodging
 - Level 0.3 Stealth
 + Level 1.8 Spellcasting
 + Level 3.7 Hexes


You had 5 spell levels left.
You knew the following spells:

 Your Spells              Type           Power        Failure   Level  Hunger
a - Corona                Hex            ##.....      5%          1    ##.....

Your spell library contained the following spells:

 Spells                   Type           Power        Failure   Level  Hunger
 Slow                     Hex            ##......     9%          2    ###....
 Inner Flame              Hex/Fire       #.......     34%         3    ####...
 Portal Projectile        Hex/Tloc       #.....       34%         3    ####...
 Cause Fear               Hex            ##........   47%         4    #####..
 Leda's Liquefaction      Hex/Erth       #.........   75%         4    #####..


Dungeon Overview and Level Annotations

Branches:
Dungeon (2/15)

Altars:
Nemelex Xobeh
Trog


Message History

The adder poisons you!
You hit the adder but do no damage.
The adder is lightly wounded.
* * * LOW HITPOINT WARNING * * *
You feel sick. The adder closely misses you. x2
You barely miss the adder.
The adder is lightly wounded.
* * * LOW HITPOINT WARNING * * *
You feel sick. The adder barely misses you.
You closely miss the adder.
The adder is lightly wounded.
The adder closely misses you. The adder bites you.
* * * LOW HITPOINT WARNING * * *
You barely miss the adder.
The adder is lightly wounded.
* * * LOW HITPOINT WARNING * * *
You feel sick. The adder bites you but does no damage.
You hit the adder.
The adder is heavily wounded.
You die...

..#
#.#.#..........##.#######.#..
..#
#.#.#########..........#..#.#
..# #.#.# #.#.#.####.#....#
.####.#.# #.....# #.######
......#.###########...#
##.######
......................#
#........
#######.#############.#
#........ [.......#
###########.# #........
######### #....S@....>#
#........ #(###########
#........ #)# #####...... #.#
###.......... ######.###
#.....#†..... #........#
#.....#...... #........#
#..)..#.).... #.....(.(#
#.....#...... #......(.#
#.....#......


You could see an adder.

Vanquished Creatures
  2 adders (D:2)
  A worm (D:2)
  3 dart slugs (D:1)
  3 leopard geckos
  A giant cockroach (D:1)
  12 goblins
  4 hobgoblins
  3 jackals (D:1)
  7 bats
  3 frilled lizards
  3 kobolds
  5 rats (D:1)
47 creatures vanquished.

Notes
Turn   | Place    | Note
-------+----------+-------------------------------------------
     0 | D:1      | torgal the Human Arcane Marksman began the quest for the
                  | Orb.
     0 | D:1      | Reached XP level 1. HP: 15/15 MP: 2/2
   141 | D:1      | Reached XP level 2. HP: 21/21 MP: 1/3
   253 | D:1      | HP: 1/21 [dart slug/slug dart (1)]
   651 | D:1      | Reached XP level 3. HP: 26/26 MP: 1/4
  1176 | D:2      | Reached XP level 4. HP: 31/32 MP: 3/6
  1564 | D:2      | Found a sparkling altar of Nemelex Xobeh.
  1684 | D:2      | Found a bloodstained altar of Trog.
  1873 | D:2      | HP: 1/32 [poisoned by an adder]
  1874 | D:2      | Succumbed to an adder's poison

Levels and vault maps discovered:
D:1:      lemuel_arrival_behind_the_door_small, layout_loops_cross,
          corexii_leaking_fountain, minmay_tiny_reverse_x
D:2:      layout_basic, marbit_many_paths, lemuel_coloured_pillars_altar

Skill      XL: |  1  2  3  4 |
---------------+-------------+-----
Slings         | 3 |  3.0
Fighting       | |  1.3
Dodging        | |  2.2
Stealth        | |  0.3
Spellcasting   | |  1.8
Hexes          | |  3.7

Action                   |  1- 3 |  4- 6 || total
-------------------------+-------+-------++-------
Melee: Short sword       |       |    18 ||    18
       Dagger            |       |     3 ||     3
 Fire: Hunting sling     |   108 |    37 ||   145
Throw: Stone             |       |    12 ||    12
 Cast: Corona            |    32 |    14 ||    46
  Eat: Ration            |     1 |       ||     1
       Chunk             |     1 |       ||     1
Armor: Robe              |    21 |    14 ||    35
Dodge: Dodged            |    39 |    49 ||    88

Table legend:
 A = Non-vault XP
 B = Vault XP
 C = Vault XP percentage of total XP
 D = Non-vault monster count
 E = Vault monster count
 F = Vault count percentage of total count
                 A         B        C        D         E       F
            +---------+---------+-------+---------+---------+-------
      Total |     106 |       5 |   4.5 |      44 |       3 |   6.4
            +---------+---------+-------+---------+---------+-------
        D:1 |      53 |       4 |   7.0 |      30 |       2 |   6.2
        D:2 |      53 |       1 |   1.9 |      14 |       1 |   6.7
            +---------+---------+-------+---------+---------+-------
